AoeStats
← Fazzz7z

Arabia

507223248Analyzed
2v2 RM · 15d ago on Sep 17, 2026· 27m 52s· 4 players
Game mode
Random Map
Map size
Medium (4 player)
Population
200
Speed
Normal
Resources
Standard
Victory
Conquest
Starting age
Dark Age
Ending age
Imperial Age
RankedLock teamsTeams togetherTeam positionsShared explorationLock speedFull tech treeHidden civsTurbo modeCheats
Victory
Defeat
🇬🇧 Persians · United Kingdom
1438
+10
🇨🇭 Romans · Switzerland
1251
+17
🇭🇰 Britons · Hong Kong SAR China
1377
-17
🇧🇷 Franks · Brazil
1197
-10
Blue Cheese
11:11 Loom
13:28 Feudal Age
13:38 Man-at-Arms
14:07 Double-Bit Axe
14:04 Horse Collar
14:47 Double-Bit Axe
15:56 Scale Mail Armor
19:55 Castle Age
19:35 Forging
20:08 Long Swordsman
21:11 Fletching
23:21 Chain Mail Armor
Fazzz7z
6:46 Loom
9:14 Feudal Age
9:48 Double-Bit Axe
21:15 Castle Age
19:18 Gold Mining
19:10 Horse Collar
21:13 Bloodlines
21:09 Scale Barding Armor
22:11 Chain Barding Armor
23:17 Forging
23:42 Husbandry
25:00 Fletching
28:17 Iron Casting
28:16 Stone Mining
vgmSTyLe
6:48 Loom
9:11 Feudal Age
9:50 Double-Bit Axe
13:30 Fletching
17:30 Padded Archer Armor
23:12 Castle Age
22:09 Scale Barding Armor
23:03 Gold Mining
24:35 Chain Barding Armor
24:26 Bow Saw
Dragerwoods
7:07 Loom
7:11 Loom
10:11 Feudal Age
10:18 Man-at-Arms
10:59 Double-Bit Axe
12:02 Town Watch
15:19 Fletching
20:48 Wheelbarrow
24:00 Castle Age
22:21 Gold Mining
23:07 Horse Collar
24:30 Forging
24:03 Crossbowman
25:10 Bodkin Arrow
25:30 Pikeman
Connection lost

Rejoining the realm…

Still unreachable

The connection could not be restored.

Session expired

The server has moved on; the page needs a fresh start.